 Dungeon Crawl Stone Soup version 0.23.2-40-g277498a001 (webtiles) character file.

Game seed: 8962926720777740934

106789 Fanfaron the Earth Mage (level 15, -4/136 HPs)
             Began as a Deep Dwarf Earth Elementalist on Oct 1, 2019.
             Was the Champion of Makhleb.
             Slain by an alligator (11 damage)
             ... led by an alligator
             ... on level 1 of the Swamp on Oct 9, 2019.
             The game lasted 04:15:22 (46075 turns).

Fanfaron the Earth Mage (DDEE)                     Turns: 46075, Time: 04:15:23

Health: -4/136     AC:  8    Str: 12    XL:     15   Next: 98%
Magic:  1/28       EV: 18    Int: 25    God:    Makhleb [******]
Gold:   1931       SH: 16    Dex: 13    Spells: 9/32 levels left

rFire    + . .     SeeInvis .   X - staff of poison
rCold    + + .     Gourm    .   x - +2 shield
rNeg     + . .     Faith    .   H - +2 robe {Archmagi}
rPois    +         Spirit   .   w - +2 hat {Int+3}
rElec    .         Reflect  +   W - scarf {rC+ rF+}
rCorr    .         Harm     .   n - +0 pair of gloves
MR       ++...                  m - +0 pair of boots
Stlth    ++++......             J - +4 amulet of reflection
HPRegen  0.00/turn              V - ring of protection from cold
MPRegen  0.21/turn              l - ring of wizardry

@: about to teleport, non-regenerating
A: damage resistance, heal wounds, negative energy resistance 1, sense
surroundings 2, no regeneration
a: Heal Wounds, Minor Destruction, Lesser Servant of Makhleb, Major Destruction,
Greater Servant of Makhleb, Renounce Religion


You were on level 1 of the Swamp.
You worshipped Makhleb.
Makhleb was exalted by your worship.
You were not hungry.

You visited 6 branches of the dungeon, and saw 26 of its levels.
You also visited: Ossuary and Ice Cave.

You collected 2291 gold pieces.
You spent 360 gold pieces at shops.

Inventory:

Hand Weapons
 K - a +1 morningstar of protection
Missiles
 b - 228 stones (quivered)
Armour
 m - a +0 pair of boots (worn)
 n - a +0 pair of gloves (worn)
 w - a +2 hat of intelligence (worn)
 x - a +2 shield (worn)
 H - a +2 robe of the Archmagi (worn)
 W - a scarf of resistance (worn)
Magical Staves
 e - an uncursed staff of earth
 X - an uncursed staff of poison (weapon)
Jewellery
 l - a ring of wizardry (right hand)
 J - a +4 amulet of reflection (around neck)
 T - the ring of Jairph {Fire Slay+3}
   (You found it on level 4 of the Lair of Beasts)

   [ring of fire]

   It enhances your fire magic.
   It affects your accuracy and damage with ranged weapons and melee attacks
   (+3).
   It protects you from fire.
   It makes you vulnerable to cold.
 V - a ring of protection from cold (left hand)
Wands
 c - a wand of polymorph (23)
 E - a wand of iceblast (26)
 F - a wand of scattershot (14)
 I - a wand of disintegration (4)
 O - a wand of acid (19)
 P - a wand of flame (13)
 R - a wand of paralysis (8)
 Z - a wand of digging (7)
Scrolls
 g - 5 scrolls of enchant weapon
 h - a scroll of summoning {unknown}
 i - a scroll of enchant armour {unknown}
 k - a scroll of blinking {unknown}
 p - 4 scrolls of magic mapping
 r - 3 scrolls of immolation
 s - 3 scrolls of amnesia {unknown}
 u - 5 scrolls of teleportation
 y - 3 scrolls of acquirement {unknown}
 B - 2 scrolls of holy word {unknown}
 C - 2 scrolls of brand weapon
 D - a scroll of noise {unknown}
 G - 5 scrolls of fog {unknown}
 L - 2 scrolls of silence {unknown}
 M - 4 scrolls of fear
 N - 4 scrolls of identify
 Q - 4 scrolls of remove curse
Potions
 a - 13 potions of curing
 f - 8 potions of heal wounds
 j - 2 potions of cancellation
 o - 8 potions of flight
 q - 2 potions of brilliance
 t - 2 potions of mutation
 v - 2 potions of agility
 A - 4 potions of haste
 S - a potion of might
Comestibles
 d - 25 rations
 z - a chunk of flesh


   Skills:
 + Level 9.5 Fighting
 + Level 11.7 Dodging
 + Level 7.4 Stealth
 + Level 8.1 Shields
 + Level 9.3 Spellcasting
 - Level 7.1 Conjurations
 - Level 9.3 Necromancy
 + Level 2.7 Translocations
 - Level 4.0 Transmutations
 * Level 18.6 Earth Magic
 - Level 10.0 Invocations
 - Level 2.7 Evocations


You had 9 spell levels left.
You knew the following spells:

 Your Spells              Type           Power        Failure   Level  Hunger
a - Sandblast             Erth           ######       0%          1    None
b - Stone Arrow           Conj/Erth      ######       1%          3    None
c - Lee's Rapid Deconstr  Erth           ########..   1%          5    ####...
d - Petrify               Tmut/Erth      #######.     1%          4    #......
e - Vampiric Draining     Necr           ######....   1%          3    None
f - Dispel Undead         Necr           ######..     3%          5    ####...
g - Blink                 Tloc           N/A          2%          2    None

Your spell library contained the following spells:

 Spells                   Type           Power        Failure   Level  Hunger
 Animate Skeleton         Necr           N/A          1%          1    None
 Magic Dart               Conj           ####         1%          1    None
 Pain                     Necr           ####         1%          1    None
 Corpse Rot               Necr           N/A          1%          2    None
 Passwall                 Tmut/Erth      #######.     1%          2    None
 Searing Ray              Conj           ######       1%          2    None
 Sublimation of Blood     Necr           ######....   1%          2    None
 Animate Dead             Necr           N/A          1%          4    #......
 Iskenderun's Mystic Bla  Conj           ######..     2%          4    #......
 Conjure Flame            Conj/Fire      #####...     3%          3    None
 Dazzling Spray           Conj/Hex       #####.       3%          3    None
 Agony                    Necr           ######..     3%          5    ####...
 Bolt of Draining         Conj/Necr      ######....   4%          5    ####...
 Mephitic Cloud           Conj/Pois/Air  ######..     6%          3    None
 Force Lance              Conj/Tloc      ######..     7%          4    #......
 Call Imp                 Summ           ###.....     8%          2    None
 Slow                     Hex            ###.....     8%          2    None
 Fulminant Prism          Conj/Hex       #####.....   12%         4    #......
 Excruciating Wounds      Chrm/Necr      ######....   21%         5    ####...
 Cause Fear               Hex            ###.......   43%         4    #......
 Summon Lightning Spire   Summ/Air       ###.....     43%         4    #......
 Yara's Violent Unravell  Hex/Tmut       ####......   50%         5    ####...
 Silence                  Hex/Air        ###.......   77%         5    ####...
 Conjure Ball Lightning   Conj/Air       #####.....   85%         6    ######.
 Deflect Missiles         Chrm/Air       ###.......   99%         6    ######.
 Discord                  Hex            ###.......   100%        8    #######
 Tornado                  Air            ###.......   100%        9    #######
 Regeneration             Chrm/Necr      Unusable     N/A         3    N/A

Dungeon Overview and Level Annotations

Branches:
Dungeon (15/15)            Temple (1/1) D:5            Lair (6/6) D:10
  Swamp (1/4) Lair:2       Spider (1/4) Lair:3        Slime (0/5) Lair:5
    Orc (2/2) D:12            Elf (0/3) Orc:2        Vaults (0/5) D:14
 Depths (0/5) D:15

Altars:
Ashenzari
Dithmenos
Elyvilon
Fedhas
Gozag
Hepliaklqana
Kikubaaqudgha
Makhleb
Nemelex Xobeh
Sif Muna
Trog
Uskayaw
Vehumet
Wu Jian
Xom
Yredelemnul
Zin
The Shining One

Shops:
D:8 %   D:14 [   D:15 !   Orc:2 (!((

Annotations:
D:15 3 runed translucent doors, Amanar's ghost, journeyman HuFi
Spider:1 3 runed translucent doors, dragonscale333's ghost, adept MiBe; kalagan's ghost, journeyman GrEE


Innate Abilities, Weirdness & Mutations

You are resistant to damage.
You can heal yourself by infusing magical energy.
You resist negative energy. (rN+)
You passively map the area around you.
You do not regenerate.


Message History

* * * LOW HITPOINT WARNING * * *
The alligator tail-slaps you!
* * * LOW HITPOINT WARNING * * *
As you read the scroll of teleportation, it crumbles to dust.
You feel strangely unstable. The alligator bites you!
* * * LOW HITPOINT WARNING * * *
You block the alligator's attack.
Casting: Blink (safe; 2% risk of failure)
Confirm with . or Enter, or press ? or * to list all spells.
Aiming: Sandblast (safe; 0% risk of failure)
Press: ? - help, Shift-Dir - straight line, f/p - alligator
Aim: an alligator (moderately wounded, covering ground quickly)
You feel a surge of power!
The blast of sand hits the alligator.
The alligator is moderately wounded.
b - 228 stones The alligator bites you!
* * * LOW HITPOINT WARNING * * *
You block the alligator's attack. The alligator bites you!
You die...

, * * , ,
, * ≈≈≈ ≈
≈ ♣♣ ♣≈ ≈
≈
.♣♣♣♣♣...
, ,
♣......≈♣≈
♣@≈≈≈≈.≈♣
,**
♣t≈....≈.
*
♣.♣(≈≈≈..
*,
♣♣≈♣♣≈♣♣♣♣
♣. ♣.≈≈♣♣♣
♣. ♣♣§♣♣
♣. ♣≈.♣ ♣.
♣..♣♣ ♣.
♣...♣ ♣


You could see an alligator.

Vanquished Creatures
  Jorgrun (D:12)
  Frances (D:13)
  Donald (Orc:1)
  A very ugly thing (Swamp:1)
  An entropy weaver (Spider:1)
  Azrael (D:12)
  Erolcha (D:12)
  9 hydras
  4 centaur warriors
  8 vault guards (D:14)
  6 two-headed ogres
  4 alligators
  A death knight (D:14)
  A tengu warrior (D:15)
  3 orc high priests (Orc:2)
  3 skeletal warriors
  3 unseen horrors
  A flayed ghost (D:15)
  4 orc knights (Orc:2)
  A necromancer (D:15)
  2 orb spiders (Spider:1)
  3 deep elf magi
  A phantasmal warrior (D:14)
  3 orc sorcerers (Orc:2)
  An iron dragon zombie (D:15)
  A tengu skeleton (D:15)
  A manticore (D:14)
  14 ugly things
  2 oklob plants (Lair:2)
  9 elephants
  2 cyclopes
  4 black mambas
  Maurice (Orc:2)
  3 centaur skeletons
  Psyche (D:8)
  7 gargoyles
  9 spiny frogs
  7 rime drakes
  5 komodo dragons
  A yaktaur zombie (D:15)
  A merfolk (shapeshifter) (D:15)
  2 efreet
  A jumping spider (Spider:1)
  3 tengu conjurers
  2 polar bears
  5 trolls
  3 tyrant leeches (Swamp:1)
  6 slime creatures
  5 hornets
  11 hippogriffs
  7 dream sheep
  4 blink frogs
  A spriggan (shapeshifter) (D:14)
  A centaur simulacrum (D:14)
  4 wyverns
  A shadow (D:12)
  2 vampires
  6 redbacks (Spider:1)
  3 tarantellas
  5 wraiths
  49 yaks
  A fire dragon skeleton (D:15)
  4 basilisks
  3 fire elementals
  Grum (D:8)
  2 vampire mosquitoes (D:15)
  2 steam dragons
  A warg (Orc:1)
  2 acid dragons
  2 soldier ants
  6 hell hounds
  15 water moccasins
  7 porcupines
  22 orc warriors
  2 swamp drakes
  8 ice beasts
  3 black bears
  A black bear (shapeshifter) (D:14)
  3 sky beasts
  2 necrophages
  15 ogres
  An eye of draining (D:15)
  3 phantoms
  20 centaurs
  3 wolves
  3 big kobolds
  15 crocodiles
  19 bullfrogs
  A gnoll sergeant (D:10)
  2 wyvern skeletons
  5 water moccasin zombies (Ossuary)
  11 scorpions
  12 killer bees
  12 wights
  2 vampire bats (Lair:2)
  An electric eel (Lair:3)
  4 howler monkeys
  5 crimson imps
  5 centaur zombies
  A bullfrog zombie (D:10)
  A quasit (D:10)
  8 hounds
  26 jellies
  A gnoll shaman (D:5)
  12 orc priests
  20 orc wizards
  A bullfrog skeleton (D:13)
  An iron imp (Orc:1)
  4 iguanas
  12 worker ants
  3 big kobold zombies (Ossuary)
  A hound zombie (D:11)
  5 mummies
  A worker ant zombie (D:7)
  10 adders
  4 gnolls (D:10)
  6 shadow imps
  A white imp (Orc:1)
  13 oozes
  2 adder zombies
  An adder skeleton (D:5)
  A dart slug (D:2)
  6 leopard geckos
  89 orcs
  A ball python (D:7)
  11 bats
  2 giant cockroaches
  6 goblins
  5 hobgoblins
  7 jackals
  17 kobolds
  7 quokkas
  5 frilled lizards
  A gnoll zombie (Ossuary)
  3 hobgoblin zombies (Ossuary)
  5 kobold zombies (Ossuary)
  A leopard gecko zombie (D:5)
  9 orc zombies
  5 rats
  3 plants
798 creatures vanquished.

Vanquished Creatures (others)
  3 centaur warriors (D:15)
  2 centaurs (D:15)
  A water moccasin zombie (Ossuary)
  An orc priest (Orc:2)
  3 orc wizards
  A shadow imp (Orc:1)
  3 orcs
  52 fungi
  18 plants
  16 withered plants
100 creatures vanquished.

Grand Total: 898 creatures vanquished

Notes
Turn   | Place    | Note
-------+----------+-------------------------------------------
     0 | D:1      | Fanfaron the Deep Dwarf Earth Elementalist began the quest
                  | for the Orb.
     0 | D:1      | Reached XP level 1. HP: 15/15 MP: 3/3
   266 | D:1      | Reached XP level 2. HP: 22/22 MP: 2/4
  1049 | D:2      | Found a shattered altar of Ashenzari.
  1114 | D:2      | Found a blossoming altar of Fedhas.
  1130 | D:2      | Reached XP level 3. HP: 28/28 MP: 1/6
  1181 | D:2      | Learned a level 3 spell: Stone Arrow
  1398 | D:2      | Reached skill level 5 in Earth Magic
  1630 | D:3      | Found an opulent altar of Gozag.
  2648 | D:4      | Found a bloodstained altar of Trog.
  2699 | D:4      | Reached skill level 1 in Conjurations
  2699 | D:4      | Reached XP level 4. HP: 36/36 MP: 4/7
  3103 | D:5      | Entered Level 5 of the Dungeon
  3108 | D:5      | Reached XP level 5. HP: 40/43 MP: 2/8
  3174 | D:5      | Found a staircase to the Ecumenical Temple.
  3182 | Temple   | Entered the Ecumenical Temple
  3258 | Temple   | Became a worshipper of Makhleb the Destroyer
  3310 | D:5      | Found a basalt altar of Yredelemnul.
  3371 | D:5      | Found a sand-covered staircase.
  3371 | D:5      | Noticed a sky beast
  3381 | Ossuary  | Entered an ossuary
  3430 | Ossuary  | Reached skill level 1 in Fighting
  3502 | Ossuary  | Reached skill level 6 in Earth Magic
  3502 | Ossuary  | Reached XP level 6. HP: 35/51 MP: 2/10
  3821 | Ossuary  | Reached * piety under Makhleb
  4000 | Ossuary  | Reached XP level 7. HP: 35/58 MP: 4/11
  4206 | D:5      | Learned a level 5 spell: Lee's Rapid Deconstruction
  4425 | D:5      | Got a silken robe
  4452 | D:5      | Reached skill level 7 in Earth Magic
  4527 | D:5      | Identified the +2 robe of Sor Pyoch {+Inv Dex+5} (You found
                  | it on level 5 of the Dungeon)
  4977 | D:5      | Reached skill level 5 in Stealth
  5007 | D:5      | Reached XP level 8. HP: 60/67 MP: 1/13
  5436 | D:6      | Reached skill level 8 in Earth Magic
  6046 | D:6      | Reached ** piety under Makhleb
  6817 | D:7      | Reached skill level 5 in Conjurations
  6817 | D:7      | Reached skill level 9 in Earth Magic
  6906 | D:7      | Gained mutation: You passively map the area around you.
                  | [Deep Dwarf growth]
  6906 | D:7      | Reached XP level 9. HP: 66/74 MP: 9/14
  7578 | D:7      | Found a glowing silver altar of Zin.
  7652 | D:8      | Noticed a two-headed ogre
  7688 | D:8      | Noticed Grum
  7745 | D:8      | Reached skill level 5 in Dodging
  7803 | D:8      | Noticed a gargoyle
  7858 | D:8      | Killed Grum
  7858 | D:8      | Reached skill level 1 in Invocations
  8120 | D:8      | Reached skill level 10 in Earth Magic
  8286 | D:8      | Noticed a two-headed ogre
  8289 | D:8      | Killed a two-headed ogre
  8367 | D:8      | Found Fiho's Food Boutique.
  8389 | D:8      | Reached *** piety under Makhleb
  8391 | D:8      | Reached XP level 10. HP: 85/85 MP: 10/17
  8459 | D:8      | Noticed a centaur warrior
  8695 | D:8      | Killed a centaur warrior
  8695 | D:8      | Reached skill level 5 in Spellcasting
  8695 | D:8      | Reached skill level 11 in Earth Magic
  8921 | D:8      | Found a deep blue altar of Sif Muna.
  9002 | D:8      | Noticed Psyche
  9005 | D:8      | Killed Psyche
  9095 | D:8      | Killed a two-headed ogre
  9276 | D:8      | Killed a gargoyle
  9641 | D:9      | Found a sparkling altar of Nemelex Xobeh.
  9645 | D:9      | Reached skill level 5 in Invocations
  9652 | D:9      | Found a glowing golden altar of the Shining One.
  9918 | D:9      | Reached skill level 5 in Fighting
  9943 | D:9      | Reached skill level 12 in Earth Magic
 10070 | D:9      | Reached **** piety under Makhleb
 10333 | D:9      | Reached XP level 11. HP: 94/94 MP: 7/19
 11213 | D:9      | Learned a level 3 spell: Vampiric Draining
 11216 | D:10     | Entered Level 10 of the Dungeon
 11381 | D:10     | Reached skill level 1 in Necromancy
 12206 | D:10     | Found a staircase to the Lair.
 12646 | D:10     | Found a shadowy altar of Dithmenos.
 13106 | D:10     | Reached skill level 13 in Earth Magic
 14123 | D:10     | Learned a level 4 spell: Petrify
 14162 | Lair:1   | Entered Level 1 of the Lair of Beasts
 14333 | Lair:1   | Reached skill level 1 in Transmutations
 15489 | Lair:2   | Reached XP level 12. HP: 100/105 MP: 12/21
 16466 | Lair:2   | Reached ***** piety under Makhleb
 17107 | Lair:2   | Noticed a four-headed hydra
 17212 | Lair:2   | Reached skill level 14 in Earth Magic
 17226 | Lair:3   | Found a hole to the Spider Nest.
 17236 | Lair:3   | Found a frozen archway.
 17284 | IceCv    | Entered an ice cave
 17442 | Lair:3   | You fall through a shaft!
 18014 | Lair:4   | Got a faintly glowing granite ring
 18017 | Lair:4   | Identified the ring of Jairph {Fire Slay+3} (You found it
                  | on level 4 of the Lair of Beasts)
 18667 | Lair:4   | Reached skill level 1 in Shields
 19240 | Lair:3   | Noticed an eight-headed hydra
 19400 | Lair:3   | Reached skill level 5 in Necromancy
 19705 | Lair:3   | Noticed a seven-headed hydra
 20982 | Lair:4   | Reached XP level 13. HP: 115/115 MP: 0/23
 21241 | Lair:5   | Found a staircase to the Slime Pits.
 21705 | Lair:5   | Reached skill level 15 in Earth Magic
 23628 | Lair:6   | Entered Level 6 of the Lair of Beasts
 24355 | Lair:6   | Got a smelly leather armour
 24835 | Lair:6   | Identified the +2 leather armour of Extothua {*Corrode
                  | rElec Dex+3} (You found it on level 6 of the Lair of
                  | Beasts)
 25320 | Lair:5   | Reached skill level 1 in Evocations
 26336 | Lair:2   | Found a staircase to the Swamp.
 27170 | D:11     | Reached skill level 16 in Earth Magic
 27456 | D:10     | Learned a level 5 spell: Dispel Undead
 27886 | D:11     | Reached skill level 10 in Dodging
 28625 | D:12     | Noticed Erolcha
 29147 | D:12     | Found a staircase to the Orcish Mines.
 29221 | D:12     | Noticed Jorgrun
 29266 | D:12     | Gained mutation: You resist negative energy. (rN+) [Deep
                  | Dwarf growth]
 29266 | D:12     | Reached XP level 14. HP: 126/126 MP: 0/25
 30348 | D:12     | Killed Erolcha
 30348 | D:12     | Reached skill level 5 in Shields
 30793 | D:13     | Noticed Frances
 31241 | D:14     | Found Puasoeliky's Armour Boutique.
 31516 | D:14     | Reached ****** piety under Makhleb
 33052 | D:13     | Reached skill level 17 in Earth Magic
 33634 | D:14     | Found a gate to the Vaults.
 33759 | D:15     | Entered Level 15 of the Dungeon
 34448 | D:15     | Found Sugyokh's Distillery.
 34469 | D:15     | Bought a potion of ambrosia for 120 gold pieces
 34759 | D:15     | Found a runed translucent gate.
 34759 | D:15     | Noticed Amanar's ghost (journeyman HuFi)
 34762 | D:15     | Found a runed translucent gate.
 34763 | D:15     | Found a runed translucent gate.
 35364 | D:15     | Found a radiant altar of Vehumet.
 35524 | D:15     | Found a staircase to the Depths.
 35593 | D:15     | Reached XP level 15. HP: 134/134 MP: 4/27
 37786 | D:12     | Noticed Azrael
 38237 | D:12     | Killed Jorgrun
 38237 | D:12     | Reached skill level 18 in Earth Magic
 38237 | D:12     | Reached skill level 10 in Invocations
 38779 | D:13     | Killed Frances
 39090 | Orc:1    | Entered Level 1 of the Orcish Mines
 40213 | Orc:2    | Entered Level 2 of the Orcish Mines
 40570 | Orc:2    | Noticed Donald
 40645 | Orc:2    | Learned a level 2 spell: Blink
 40966 | Orc:2    | Found a staircase to the Elven Halls.
 41632 | Orc:2    | Noticed Maurice
 41636 | Orc:2    | Killed Maurice
 42853 | Orc:2    | Paralysed by an orc sorcerer for 4 turns
 42861 | Orc:2    | Reached skill level 1 in Translocations
 43405 | Orc:2    | Found Cixegg's Weapon Boutique.
 43405 | Orc:2    | Found Tidiez's Weapon Emporium.
 43409 | Orc:2    | Found Yfutyf's Distillery.
 43409 | Orc:2    | Found Soufe's Antique Weapon Boutique.
 43427 | Orc:2    | Bought a potion of heal wounds for 80 gold pieces
 43427 | Orc:2    | Bought a potion of heal wounds for 80 gold pieces
 43427 | Orc:2    | Bought a potion of heal wounds for 80 gold pieces
 43492 | Orc:1    | Killed Donald
 43625 | D:12     | Killed Azrael
 43856 | Swamp:1  | Entered Level 1 of the Swamp
 44170 | Spider:1 | Entered Level 1 of the Spider Nest
 44507 | Spider:1 | Found a runed translucent gate.
 44508 | Spider:1 | Found a runed translucent gate.
 44511 | Spider:1 | Found a runed translucent gate.
 44511 | Spider:1 | Noticed kalagan's ghost (journeyman GrEE)
 44511 | Spider:1 | Noticed dragonscale333's ghost (adept MiBe)
 46075 | Swamp:1  | Slain by an alligator

Skill      XL: |  1  2  3  4  5  6  7  8  9 10 11 12 13 14 15 |
---------------+----------------------------------------------+-----
Spellcasting   | 2 3 4 5 6 7 8 9 |  9.3
Stealth        | 3 4 5 6 7 |  7.4
Earth Magic    | 5 6 7 9 10 12 13 14 16 17 18 | 18.6
Conjurations   | 1 2 3 5 6 7 |  7.1
Fighting       | 1 2 4 5 6 7 8 9 |  9.5
Dodging        | 3 4 5 6 8 9 10 11 | 11.7
Invocations    | 3 5 7 8 9 10 | 10.0
Necromancy     | 3 5 7 8 9 |  9.3
Transmutations | 1 3 4 |  4.0
Shields        | 2 4 6 8 |  8.1
Evocations     | 2 |  2.7
Translocations | 2 |  2.7

Action                   |  1- 3 |  4- 6 |  7- 9 | 10-12 | 13-15 || total
-------------------------+-------+-------+-------+-------+-------++-------
Melee: Club              |     5 |       |       |       |       ||     5
       Dagger            |     2 |     9 |     6 |       |       ||    17
       Morningstar       |       |       |       |     6 |       ||     6
       Flail             |       |       |       |    24 |       ||    24
       Staff             |       |       |       |       |     9 ||     9
Throw: Stone             |       |       |       |       |     2 ||     2
 Cast: Sandblast         |    46 |    64 |    58 |   123 |    93 ||   384
       Stone Arrow       |     6 |     8 |    70 |   346 |   577 ||  1007
       Lee's Rapid Decon |       |       |     3 |    46 |   217 ||   266
       Petrify           |       |       |       |     6 |       ||     6
       Vampiric Draining |       |       |       |       |    30 ||    30
       Dispel Undead     |       |       |       |       |    21 ||    21
       Blink             |       |       |       |       |     2 ||     2
Invok: Lesser Servant of |       |       |       |     3 |       ||     3
       Minor Destruction |       |       |       |     2 |       ||     2
  Use: Scroll            |       |     4 |     5 |    10 |    11 ||    30
       Potion            |       |       |       |     1 |     3 ||     4
 Stab: Sleeping          |     1 |       |     2 |       |       ||     3
  Eat: Chunk             |     6 |     3 |    15 |    50 |    67 ||   141
       Ration            |       |     1 |     1 |     1 |    16 ||    19
Armor: Robe              |     5 |     5 |    13 |    29 |    50 ||   102
Dodge: Dodged            |    10 |    16 |    31 |   139 |   236 ||   432
Block: Other             |       |       |       |     7 |       ||     7
       Buckler           |       |       |       |    22 |   141 ||   163
       Reflection        |       |       |       |       |    41 ||    41
       Shield            |       |       |       |       |    73 ||    73
